| TOP OF THE 1ST |
|
Dayton Dragons batting - Pitching for South Bend Cubs : RHP Eric Allen
|
|
Pitching: RHP Eric Allen
|
|
|
Batting: LHB Nick Nino
|
0-0: Foul Ball, location: 2F 0-1: SINGLE (Groundball, 6D, EV 101.9 MPH)
|
|
Batting: LHB Leo Gomez
|
0-0: Ball 1-0: Ball Nick Nino steals 2nd base 2-0: Ball 3-0: Fly out, F8 (Flyball, 8LXD, EV 102.5 MPH) Runner from 2nd tags up, SAFE at 3rd, no throw by CF
|
|
Batting: SHB Kristian Kristensen
|
0-0: Called Strike 0-1: Fly out, F9 (Flyball, 9LD, EV 98.8 MPH) Runner from 3rd tags up, SCORES, no throw by RF
|
|
Batting: LHB Chris Grunwald
|
0-0: Ball 1-0: Ball 2-0: Called Strike 2-1: Ball 3-1: Base on Balls
|
|
Batting: RHB Bruno André
|
0-0: Fly out, F9 (Flyball, 9, EV 93.1 MPH)
|
| Top of the 1st over - 1 run, 1 hit, 0 errors, 1 left on base; Dayton 1 - South Bend 0 |
| BOTTOM OF THE 1ST |
|
South Bend Cubs batting - Pitching for Dayton Dragons : LHP Ed Chavez
|
|
Pitching: LHP Ed Chavez
|
|
|
Batting: RHB Jason Ostrom
|
0-0: Ground out 6-3 (Groundball, 6, EV 82.5 MPH)
|
|
Batting: RHB Mike Savage
|
0-0: Ball 1-0: Called Strike 1-1: Foul Ball, location: 2F 1-2: Ball 2-2: Ground out 6-3 (Groundball, 6, EV 81.2 MPH)
|
|
Batting: LHB Mike DiNardo
|
0-0: Ball 1-0: Foul Ball, location: 2F 1-1: Called Strike 1-2: Strikes out looking
|
| Bottom of the 1st over - 0 runs, 0 hits, 0 errors, 0 left on base; Dayton 1 - South Bend 0 |
| TOP OF THE 2ND |
|
Dayton Dragons batting - Pitching for South Bend Cubs : RHP Eric Allen
|
|
Batting: RHB Mark Williams
|
0-0: Called Strike 0-1: Ball 1-1: Called Strike 1-2: Foul Ball, location: 2F 1-2: Ball 2-2: DOUBLE (Groundball, 3L, EV 101.9 MPH)
|
|
Batting: RHB Ben Hinman
|
0-0: Ball 1-0: Ball 2-0: Ground out 5-3 (Groundball, 56S, EV 87.5 MPH)
|
|
Batting: RHB Jonathan Davis
|
0-0: DOUBLE (Line Drive, 89M, EV 86.2 MPH) Mark Williams scores
|
|
Batting: RHB Pat Grover
|
0-0: Reached on error, E6 (Groundball, 6, EV 86.2 MPH) Jonathan Davis scores
|
|
Batting: LHB Nick Nino
|
0-0: SINGLE (Groundball, 4S, EV 66.2 MPH) (infield hit) Pat Grover to third
|
|
Batting: LHB Leo Gomez
|
0-0: Called Strike Nick Nino steals 2nd base 0-1: Ground out 4-3 (Groundball, 4S, EV 72.5 MPH) Pat Grover scores Nick Nino to third
|
|
Batting: SHB Kristian Kristensen
|
0-0: Ball 1-0: Ball 2-0: Called Strike 2-1: Ball 3-1: Base on Balls
|
|
Batting: LHB Chris Grunwald
|
0-0: Called Strike 0-1: DOUBLE (Line Drive, 9LD, EV 106.9 MPH) Nick Nino scores Kristian Kristensen to third
|
|
Batting: RHB Bruno André
|
0-0: Ball 1-0: DOUBLE (Line Drive, 8LXD, EV 103.8 MPH) Kristian Kristensen scores Chris Grunwald scores
|
|
Pitching: RHP Jean-Paul Lefebvre
|
|
|
Batting: RHB Mark Williams
|
0-0: Called Strike 0-1: Ball 1-1: Foul Ball, location: 2F 1-2: Ball 2-2: DOUBLE (Line Drive, 7LS, EV 109.4 MPH) Bruno André scores
|
|
Batting: RHB Ben Hinman
|
0-0: Foul Ball, location: 2F 0-1: Called Strike 0-2: Foul Ball, location: 2F 0-2: Strikes out swinging
|
| Top of the 2nd over - 7 runs, 6 hits, 1 error, 1 left on base; Dayton 8 - South Bend 0 |
| BOTTOM OF THE 2ND |
|
South Bend Cubs batting - Pitching for Dayton Dragons : LHP Ed Chavez
|
|
Batting: SHB Benoît Morin
|
0-0: SINGLE (Groundball, 4M, EV 98.1 MPH)
|
|
Batting: LHB Bill Tardiff
|
0-0: SINGLE (Groundball, 34D, EV 101.9 MPH) Benoît Morin to second
|
|
Batting: LHB Jim Polson
|
0-0: Foul Ball, location: 2F 0-1: Foul Ball, location: 2F 0-2: Fly out, F7 (Flyball, 7LM, EV 86.9 MPH)
|
|
Batting: RHB Omar Novoa
|
0-0: Called Strike 0-1: Ball 1-1: Swinging Strike 1-2: Ball 2-2: Strikes out swinging
|
|
Batting: RHB John Madden
|
0-0: Ball 1-0: Ball 2-0: Foul Ball, location: 2F 2-1: Called Strike 2-2: Strikes out looking
|
| Bottom of the 2nd over - 0 runs, 2 hits, 0 errors, 2 left on base; Dayton 8 - South Bend 0 |
| TOP OF THE 3RD |
|
Dayton Dragons batting - Pitching for South Bend Cubs : RHP Jean-Paul Lefebvre
|
|
Batting: RHB Jonathan Davis
|
0-0: Ball 1-0: Ball 2-0: Called Strike 2-1: Swinging Strike 2-2: Strikes out looking
|
|
Batting: RHB Pat Grover
|
0-0: Ball 1-0: Ground out 3-1 (Groundball, 34, EV 101.9 MPH)
|
|
Batting: LHB Nick Nino
|
0-0: Fly out, F5 (Popup, 56S, EV 73.1 MPH)
|
| Top of the 3rd over - 0 runs, 0 hits, 0 errors, 0 left on base; Dayton 8 - South Bend 0 |
| BOTTOM OF THE 3RD |
|
South Bend Cubs batting - Pitching for Dayton Dragons : LHP Ed Chavez
|
|
Batting: SHB Alvaro Andrade
|
0-0: Foul Ball, location: 2F 0-1: Ball 1-1: Ball 2-1: Ball 3-1: Foul Ball, location: 2F 3-2: Fly out, F8 (Line Drive, 8RM, EV 92.5 MPH)
|
|
Batting: RHB Jason Ostrom
|
0-0: Ball 1-0: Ball 2-0: Swinging Strike 2-1: Called Strike 2-2: SINGLE (Groundball, 6MD, EV 93.8 MPH)
|
|
Batting: RHB Mike Savage
|
0-0: Called Strike 0-1: Ball Jason Ostrom steals 2nd base (no throw) 1-1: Ball 2-1: Ball 3-1: Base on Balls
|
|
Batting: LHB Mike DiNardo
|
0-0: Called Strike 0-1: Ball Jason Ostrom steals 3rd base Mike Savage to second 1-1: Ground out 5-3 (Groundball, 6, EV 81.9 MPH) Jason Ostrom scores
|
|
Batting: SHB Benoît Morin
|
0-0: Called Strike 0-1: Foul Ball, location: 2F 0-2: Ball 1-2: Ball 2-2: Strikes out looking
|
| Bottom of the 3rd over - 1 run, 1 hit, 0 errors, 1 left on base; Dayton 8 - South Bend 1 |
| TOP OF THE 4TH |
|
Dayton Dragons batting - Pitching for South Bend Cubs : RHP Jean-Paul Lefebvre
|
|
Batting: LHB Leo Gomez
|
0-0: Called Strike 0-1: Ball 1-1: Ball 2-1: Foul Ball, location: 2F 2-2: Foul Ball, location: 2F 2-2: Ball 3-2: Base on Balls
|
|
Batting: SHB Kristian Kristensen
|
0-0: Grounds into double play, 6-4-3 (Groundball, 56, EV 99.4 MPH)
|
|
Batting: LHB Chris Grunwald
|
0-0: Called Strike 0-1: Foul Ball, location: 2F 0-2: Ball 1-2: Strikes out swinging
|
| Top of the 4th over - 0 runs, 0 hits, 0 errors, 0 left on base; Dayton 8 - South Bend 1 |
| BOTTOM OF THE 4TH |
|
South Bend Cubs batting - Pitching for Dayton Dragons : LHP Ed Chavez
|
|
Batting: LHB Bill Tardiff
|
0-0: Called Strike 0-1: Foul Ball, location: 2F 0-2: Ball 1-2: Reached on error, E3 (Groundball, 34S, EV 68.8 MPH)
|
|
Batting: LHB Jim Polson
|
0-0: Called Strike Bill Tardiff steals 2nd base (no throw) 0-1: Swinging Strike 0-2: Ground out 4-3 (Groundball, 4, EV 83.8 MPH) Bill Tardiff to third
|
|
Batting: RHB Omar Novoa
|
0-0: Ball 1-0: Called Strike Steal of home, Bill Tardiff is safe 1-1: Ball 2-1: Foul Ball, location: 2F 2-2: Strikes out swinging
|
|
Batting: RHB John Madden
|
0-0: Ball 1-0: Swinging Strike 1-1: Fly out, F8 (Flyball, 8RM, EV 87.5 MPH)
|
| Bottom of the 4th over - 1 run, 0 hits, 1 error, 0 left on base; Dayton 8 - South Bend 2 |
| TOP OF THE 5TH |
|
Dayton Dragons batting - Pitching for South Bend Cubs : RHP Jean-Paul Lefebvre
|
|
Pitching: LHP Nate George
|
|
|
Batting: RHB Bruno André
|
0-0: Ball 1-0: Called Strike 1-1: Called Strike 1-2: Ball 2-2: Fly out, F6 (Popup, 6, EV 67.5 MPH)
|
|
Batting: RHB Mark Williams
|
0-0: Foul Ball, location: 2F 0-1: Ball 1-1: Ball 2-1: Ball 3-1: Called Strike 3-2: SINGLE (Line Drive, 34, EV 95.6 MPH)
|
|
Batting: RHB Ben Hinman
|
0-0: Grounds into double play, 6-4-3 (Groundball, 6S, EV 84.4 MPH)
|
| Top of the 5th over - 0 runs, 1 hit, 0 errors, 0 left on base; Dayton 8 - South Bend 2 |
| BOTTOM OF THE 5TH |
|
South Bend Cubs batting - Pitching for Dayton Dragons : LHP Ed Chavez
|
|
Batting: SHB Alvaro Andrade
|
0-0: Foul Ball, location: 2F 0-1: Foul Ball, location: 2F 0-2: Strikes out looking
|
|
Batting: RHB Jason Ostrom
|
0-0: Foul Ball, location: 2F 0-1: Fly out, F3 (Popup, 3L, EV 66.2 MPH)
|
|
Batting: RHB Mike Savage
|
0-0: Called Strike 0-1: Ball 1-1: Swinging Strike 1-2: Ball 2-2: Ball 3-2: Strikes out swinging
|
| Bottom of the 5th over - 0 runs, 0 hits, 0 errors, 0 left on base; Dayton 8 - South Bend 2 |
| TOP OF THE 6TH |
|
Dayton Dragons batting - Pitching for South Bend Cubs : LHP Nate George
|
|
Batting: RHB Jonathan Davis
|
0-0: Ground out 3-1 (Groundball, 34, EV 103.8 MPH)
|
|
Batting: RHB Pat Grover
|
0-0: Called Strike 0-1: Ball 1-1: Called Strike 1-2: Foul Ball, location: 2F 1-2: SINGLE (Groundball, 6MD, EV 101.9 MPH)
|
|
Batting: LHB Nick Nino
|
0-0: Ball 1-0: 2-RUN HOME RUN (Flyball, 9LD, EV 98.1 MPH), Distance : 369 ft
|
|
Batting: LHB Leo Gomez
|
0-0: Ball 1-0: Foul Ball, location: 2F 1-1: Called Strike 1-2: Foul Ball, location: 2F 1-2: Foul Ball, location: 2F 1-2: Foul Ball, location: 2F 1-2: Foul Ball, location: 2F 1-2: DOUBLE (Flyball, 89D, EV 102.5 MPH)
|
|
Pitching: RHP Josh Deyo
|
|
|
Batting: SHB Kristian Kristensen
|
0-0: Called Strike 0-1: Ball 1-1: Ball 2-1: Ball 3-1: Base on Balls
|
|
Batting: LHB Chris Grunwald
|
0-0: Called Strike 0-1: Ball 1-1: Ball 2-1: SINGLE (Groundball, 4MD, EV 106.2 MPH) Leo Gomez to third Kristian Kristensen to second Runner from 3rd tries for Home, SAFE, throw by CF to home
|
|
Batting: RHB Bruno André
|
0-0: Foul Ball, location: 2F 0-1: Ball 1-1: Ball 2-1: Swinging Strike 2-2: Foul Ball, location: 2F 2-2: Strikes out swinging
|
|
Batting: RHB Mark Williams
|
0-0: SINGLE (Groundball, 4S, EV 68.8 MPH) (infield hit) Kristian Kristensen to third Chris Grunwald to second
|
|
Batting: RHB Ben Hinman
|
0-0: Ball 1-0: Ball 2-0: DOUBLE (Line Drive, 7LS, EV 90.0 MPH) Kristian Kristensen scores Chris Grunwald scores Mark Williams to third
|
|
Batting: RHB Jonathan Davis
|
0-0: Ball 1-0: Foul Ball, location: 2F 1-1: Ground out 5-3 (Groundball, 5, EV 81.2 MPH)
|
| Top of the 6th over - 5 runs, 6 hits, 0 errors, 2 left on base; Dayton 13 - South Bend 2 |
| BOTTOM OF THE 6TH |
|
South Bend Cubs batting - Pitching for Dayton Dragons : LHP Ed Chavez
|
|
Batting: LHB Mike DiNardo
|
0-0: Ball 1-0: Ground out 1-3 (Groundball, 34S, EV 66.9 MPH)
|
|
Batting: SHB Benoît Morin
|
0-0: Ball 1-0: Called Strike 1-1: DOUBLE (Groundball, 5L, EV 101.2 MPH)
|
|
Batting: LHB Bill Tardiff
|
0-0: Called Strike 0-1: Ball 1-1: Ball 2-1: Ground out 4-3 (Groundball, 4, EV 80.0 MPH) Benoît Morin to third
|
|
Batting: LHB Jim Polson
|
0-0: Foul Ball, location: 2F 0-1: Ball 1-1: Ground out 5-3 (Groundball, 56S, EV 61.2 MPH)
|
| Bottom of the 6th over - 0 runs, 1 hit, 0 errors, 1 left on base; Dayton 13 - South Bend 2 |
| TOP OF THE 7TH |
|
Dayton Dragons batting - Pitching for South Bend Cubs : RHP Josh Deyo
|
|
Batting: RHB Pat Grover
|
0-0: Ball 1-0: Ball 2-0: Called Strike 2-1: Fly out, F8 (Line Drive, 8RM, EV 105.0 MPH)
|
|
Pitching: LHP Andres Lobato
|
|
|
Pinch Hitting: RHB Frank Moron
|
0-0: Called Strike 0-1: Ground out 4-3 (Groundball, 4, EV 88.1 MPH)
|
|
Batting: LHB Leo Gomez
|
0-0: Foul Ball, location: 2F 0-1: Swinging Strike 0-2: Ball 1-2: Hit by Pitch
|
|
Batting: SHB Kristian Kristensen
|
0-0: Ground out U3 (Groundball, 3, EV 83.8 MPH)
|
| Top of the 7th over - 0 runs, 0 hits, 0 errors, 1 left on base; Dayton 13 - South Bend 2 |
| BOTTOM OF THE 7TH |
|
South Bend Cubs batting - Pitching for Dayton Dragons : LHP Ed Chavez
|
|
Now at SS: Tim Walter
|
|
|
Batting: RHB Omar Novoa
|
0-0: Ball 1-0: Called Strike 1-1: Called Strike 1-2: Ground out 4-3 (Groundball, 4, EV 86.9 MPH)
|
|
Batting: RHB John Madden
|
0-0: Swinging Strike 0-1: Ball 1-1: Ball 2-1: Ground out 6-3 (Groundball, 6, EV 84.4 MPH)
|
|
Batting: SHB Alvaro Andrade
|
0-0: Called Strike 0-1: Ball 1-1: Ball 2-1: Swinging Strike 2-2: Foul Ball, location: 2F 2-2: Ball 3-2: Strikes out swinging
|
| Bottom of the 7th over - 0 runs, 0 hits, 0 errors, 0 left on base; Dayton 13 - South Bend 2 |
| TOP OF THE 8TH |
|
Dayton Dragons batting - Pitching for South Bend Cubs : LHP Andres Lobato
|
|
Batting: LHB Chris Grunwald
|
0-0: Swinging Strike 0-1: Ball 1-1: Swinging Strike 1-2: Strikes out looking
|
|
Pinch Hitting: RHB Travis Petrick
|
0-0: Called Strike 0-1: Called Strike 0-2: Foul Ball, location: 2F 0-2: Ball 1-2: Strikes out swinging
|
|
Batting: RHB Mark Williams
|
0-0: Ball 1-0: Called Strike 1-1: Ground out 3-1 (Groundball, 34, EV 80.6 MPH)
|
| Top of the 8th over - 0 runs, 0 hits, 0 errors, 0 left on base; Dayton 13 - South Bend 2 |
| BOTTOM OF THE 8TH |
|
South Bend Cubs batting - Pitching for Dayton Dragons : LHP Ed Chavez
|
|
Now in LF: Matt Kennedy
|
|
|
Batting: RHB Jason Ostrom
|
0-0: Ball 1-0: Ball 2-0: Fly out, F8 (Line Drive, 8LM, EV 98.8 MPH)
|
|
Pitching: RHP Doug Elliott
|
|
|
Batting: RHB Mike Savage
|
0-0: Called Strike 0-1: Foul Ball, location: 2F 0-2: Ball 1-2: Ground out 4-3 (Groundball, 34, EV 103.8 MPH)
|
|
Pinch Hitting: LHB Andy Bordeaux
|
0-0: Called Strike 0-1: Called Strike 0-2: Strikes out swinging
|
| Bottom of the 8th over - 0 runs, 0 hits, 0 errors, 0 left on base; Dayton 13 - South Bend 2 |
| TOP OF THE 9TH |
|
Dayton Dragons batting - Pitching for South Bend Cubs : LHP Andres Lobato
|
|
Now at 1B: Andy Bordeaux
|
|
|
Pinch Hitting: RHB Sean Jenkinson
|
0-0: Ball 1-0: Called Strike 1-1: Ball 2-1: Foul Ball, location: 2F 2-2: Strikes out swinging
|
|
Batting: RHB Jonathan Davis
|
0-0: DOUBLE (Line Drive, 5D, EV 103.1 MPH)
|
|
Batting: RHB Pat Grover
|
0-0: Hit by Pitch
|
|
Batting: RHB Tim Walter
|
0-0: Ball 1-0: Ball 2-0: Called Strike 2-1: Fielders Choice at 2nd, 6-4 (Groundball, 6, EV 98.8 MPH) Jonathan Davis to third
|
|
Pitching: LHP Shuan-yan Wu
|
|
|
Batting: LHB Leo Gomez
|
0-0: Foul Ball, location: 2F 0-1: SINGLE (Line Drive, 6M, EV 105.6 MPH) Jonathan Davis scores Tim Walter to second
|
|
Batting: SHB Kristian Kristensen
|
0-0: Ball 1-0: Fielders Choice at 2nd, 6-4 (Groundball, 56, EV 93.1 MPH)
|
| Top of the 9th over - 1 run, 2 hits, 0 errors, 2 left on base; Dayton 14 - South Bend 2 |
| BOTTOM OF THE 9TH |
|
South Bend Cubs batting - Pitching for Dayton Dragons : RHP Doug Elliott
|
|
Now at 1B: Sean Jenkinson
|
|
|
Batting: SHB Benoît Morin
|
0-0: Called Strike 0-1: Called Strike 0-2: Foul Ball, location: 2F 0-2: Foul Ball, location: 2F 0-2: Foul Ball, location: 2F 0-2: Hit by Pitch
|
|
Batting: LHB Bill Tardiff
|
0-0: Foul Ball, location: 2F 0-1: SINGLE (Line Drive, 89S, EV 99.4 MPH) Benoît Morin to second
|
|
Batting: LHB Jim Polson
|
0-0: Ball 1-0: Ball 2-0: Foul Ball, location: 2F 2-1: Fly out, F5 (Flyball, 5D, EV 83.8 MPH)
|
|
Batting: RHB Omar Novoa
|
0-0: DOUBLE (Groundball, 5L, EV 101.9 MPH) Benoît Morin scores Bill Tardiff to third
|
|
Batting: RHB John Madden
|
0-0: Called Strike 0-1: Ground out 4-3 (Groundball, 4, EV 86.9 MPH) Bill Tardiff scores Omar Novoa to third
|
|
Batting: SHB Alvaro Andrade
|
0-0: Called Strike 0-1: Called Strike 0-2: Ball 1-2: Ball 2-2: Strikes out swinging
|
| Bottom of the 9th over - 2 runs, 2 hits, 0 errors, 1 left on base; Dayton 14 - South Bend 4 |
|